 Dungeon Crawl Stone Soup version 0.31.0 (webtiles) character file.

Game seed: 12360095713980042706

42 qw the Shooter (level 3, -1/21 HPs)
             Began as a Gargoyle Hunter on Jan 19, 2024.
             Slain by Robin
             ... wielding a +0 dagger
              (3 damage)
             ... on level 2 of the Dungeon.
             The game lasted 00:00:03 (671 turns).

qw the Shooter (Gargoyle Hunter)                     Turns: 671, Time: 00:00:04

Health: -1/21      AC:  8    Str: 14    XL:     3   Next: 56%
Magic:  3/3        EV: 10    Int:  9    God:
Gold:   31         SH:  0    Dex: 15    Spells: 2/2 levels left

rFire   + . .        a - +0 shortbow
rCold   . . .        (shield currently unavailable)
rNeg    + . .        i - +0 ring mail
rPois   inf          (no helmet)
rElec   +            (no cloak)
rCorr   .            (no gloves)
SInv    .            (no boots)
Will    .....        (no amulet)
Stlth   +            h - ring of protection from fire
HPRegen 0.23/turn    (no ring)
MPRegen 0.08/turn

%: no passive effects
@: very slow
A: sickness immunity, AC +3, negative energy resistance 1, electricity
resistance, torment resistance 1, petrification resistance
a: no special abilities


You were on level 2 of the Dungeon.
You visited 1 branch of the dungeon, and saw 2 of its levels.

You collected 31 gold pieces.


Innate Abilities, Weirdness & Mutations

You are immune to sickness and miasma.
Your stone body is resilient. (AC +3)
You are immune to poison.
You resist negative energy. (rN+)
You are resistant to electric shocks. (rElec)
You are resistant to unholy torment.
You are immune to petrification.


   Skills:
 + Level 2.3 Fighting
 - Level 5.0 Ranged Weapons
 - Level 1.2 Armour
 - Level 1.5 Dodging
 - Level 1.1 Stealth


You had 2 spell levels left.
You didn't know any spells.
Your spell library was empty.

Inventory:

Hand Weapons
 a - a +0 shortbow (weapon)
Armour
 i - a +0 ring mail (worn)
Jewellery
 h - a ring of protection from fire (left hand)
Potions
 g - a potion of cancellation {unknown}
 j - a potion of invisibility {unknown}

Dungeon Overview and Level Annotations

Branches:
Dungeon (2/15)

Altars:

Shops:
D:1 *:

Annotations:
D:2 Robin


Message History

664 ||| RETREEEEATING.
The goblin attacks as it pursues you! The goblin hits you but does no damage.
Robin throws the goblin at you!
665 ||| RETREEEEATING.
You enter the shallow water.
Moving in this stuff is going to be slow.
You shoot an arrow. The arrow hits the goblin!
You kill the goblin!
The adder bites you but does no damage.
You shoot an arrow. The arrow misses the adder.
The arrow closely misses the hobgoblin.
The adder barely misses you. The goblin hits you with a +0 dagger.
The goblin hits you but does no damage. The adder misses you.
You shoot an arrow. The arrow misses the adder.
The arrow hits the hobgoblin.
The hobgoblin is heavily wounded.
The goblin no longer looks unusually strong.
The goblin hits you with a +0 dagger. The adder closely misses you.
Robin roars a battlecry!
The goblin goes into a battle-frenzy!
The goblin barely misses you.
You shoot an arrow. The arrow hits the adder!
You kill the adder!
The hobgoblin no longer looks unusually strong.
The goblin hits you but does no damage.
The goblin hits you with a +0 dagger. x2
Your Armour skill increases to level 1!
You shoot an arrow.
The arrow hits Robin but does no damage.
The goblin no longer looks unusually strong.
The hobgoblin no longer looks unusually strong.
The goblin no longer looks unusually strong. x2
Robin closely misses you.
The goblin splashes around in the water.
The goblin hits you but does no damage.
You shoot an arrow.
The arrow hits Robin but does no damage.
The goblin splashes around in the water.
Robin roars a battlecry!
The goblins go into a battle-frenzy!
The goblin hits you with a +0 dagger. x2; Robin hits you with a +0 dagger.
You die...
Robin says, "And that's why I'm the boss."

######
####.....##
...~.~...#
~~7.~~~~.#
####~~~~~~~.#
#@g7.~gg.~~.#
#ggg~#~.~....
#~gggg~..~~..
####gg.......
#...~S~.~.....
#$.~~...~.....
#.#.~~........
#.
###......... #
#.........


You could see Robin, an adder, 2 hobgoblins and 7 goblins.

Vanquished Creatures
  An adder (D:2)
  3 ball pythons
  4 endoplasms (D:1)
  A giant cockroach (D:1)
  2 goblins
  4 hobgoblins (D:1)
  5 kobolds (D:1)
  3 quokkas
  3 bats (D:1)
  2 frilled lizards (D:1)
  3 rats (D:1)
31 creatures vanquished.

Notes
Turn   | Place    | Note
-------+----------+-------------------------------------------
     0 | D:1      | qw the Gargoyle Hunter began the quest for the Orb.
     0 | D:1      | Reached XP level 1. HP: 12/12 MP: 1/1
     0 | D:1      | 0 ||| qw: Version: 0.3-a-132-g3d54051
     0 | D:1      | 0 ||| qw: Game counter: 215
     0 | D:1      | 0 ||| qw: Melee chars always use a shield: true
     0 | D:1      | 0 ||| qw: God list: Okawaru
     0 | D:1      | 0 ||| qw: Allow faded altars: false
     0 | D:1      | 0 ||| qw: Do Orc after clearing Dungeon:15 true
     0 | D:1      | 0 ||| qw: Do second Lair branch before Depths: true
     0 | D:1      | 0 ||| qw: Lair rune preference: random
     0 | D:1      | 0 ||| qw: Goals: Normal
     0 | D:1      | 0 ||| PLANNING D:1-11
    90 | D:1      | Found a faded altar of an unknown god.
   107 | D:1      | Reached XP level 2. HP: 17/17 MP: 2/2
   119 | D:1      | Found Runafoti's Vocational Training.
   290 | D:1      | Reached XP level 3. HP: 17/21 MP: 3/3
   359 | D:1      | Reached skill level 5 in Ranged Weapons
   557 | D:1      | Found Kiopp's General Store.
   565 | D:1      | 565 ||| SHOPLISTING potion of curing (36 gold, have 31).
   565 | D:1      | 565 ||| SHOPLISTING scroll of enchant weapon (90 gold, have
                  | 31).
   606 | D:1      | 606 ||| UPGRADING to +0 ring mail.
   616 | D:1      | 616 ||| DROPPING +0 leather armour.
   617 | D:1      | 617 ||| UPGRADING to ring of protection from fire.
   618 | D:1      | 618 ||| READING scroll labelled PICZIWNUED.
   619 | D:1      | 619 ||| READING scroll labelled ERPHYCR HAUTO.
   619 | D:1      | 619 ||| ENCHANTING +0 shortbow.
   620 | D:1      | 620 ||| READING scroll labelled WUWUKU BEIR.
   623 | D:1      | 623 ||| DROPPING scroll of butterflies.
   658 | D:2      | Noticed Robin
   662 | D:2      | 662 ||| RETREEEEATING.
   663 | D:2      | 663 ||| RETREEEEATING.
   664 | D:2      | 664 ||| RETREEEEATING.
   665 | D:2      | 665 ||| RETREEEEATING.
   670 | D:2      | Reached skill level 1 in Armour
   671 | D:2      | HP: 3/21 [goblin/+0 dagger[Robin] (4)]
   671 | D:2      | Slain by Robin

Levels and vault maps discovered:
D:1:      scummos_arrival_star, layout_basic, ebering_ecumenical_altar_webs,
          serial_shops, shop, nicolae_shop_vocational
D:2:      kennysheep_six_static_rooms, layout_rooms, minmay_splitting_lines,
          chequers_mini_garden, chequers_serial_rivers_marsh, uniq_robin,
          uniq_crazy_yiuf_cottage

Skill      XL: |  1  2  3 |
---------------+----------+-----
Ranged Weapons | 5 |  5.0
Armour         | 1 |  1.2
Fighting       | |  2.3
Dodging        | |  1.5
Stealth        | |  1.1

Action                     || total
---------------------------++-------
   Fire: Shortbow          ||    89
    Use: Scroll            ||     3
 Armour: Leather armour    ||    18
         Ring mail         ||    22
  Dodge: Dodged            ||    35

Table legend:
 A = Non-vault XP
 B = Vault XP
 C = Vault XP percentage of total XP
 D = Non-vault monster count
 E = Vault monster count
 F = Vault count percentage of total count
                 A         B        C        D         E       F
            +---------+---------+-------+---------+---------+-------
      Total |      59 |       2 |   3.3 |      30 |       1 |   3.2
            +---------+---------+-------+---------+---------+-------
        D:1 |      43 |       0 |   0.0 |      27 |       0 |   0.0
        D:2 |      16 |       2 |  11.1 |       3 |       1 |  25.0
            +---------+---------+-------+---------+---------+-------
